 Dungeon Crawl Stone Soup version 0.31-a0-154-g56bf346678 (webtiles) character file.

Game seed: 2306492527970888569

266 ytrimaz the Grave Robber (level 6, -4/41 HPs)
             Began as a Mummy Necromancer on June 11, 2023.
             Slain by a gnoll
             ... wielding a +0 whip
              (8 damage)
             ... on level 4 of the Dungeon.
             The game lasted 00:04:08 (3644 turns).

ytrimaz the Grave Robber (Mummy Necromancer)        Turns: 3644, Time: 00:04:09

Health: -4/41      AC:  6    Str: 11    XL:     6   Next: 0%
Magic:  8/12       EV: 13    Int: 17    God:
Gold:   157        SH:  0    Dex: 12    Spells: 6/14 levels left

rFire   . . .        n - +8 trident of Uskayaw, Singing {drain, rN+}
rCold   . . .        (no shield)
rNeg    + + +        a - +0 robe
rPois   ∞            q - +2 helmet
rElec   .            (no cloak)
rCorr   .            b - +0 pair of gloves
SInv    .            (no boots)
Will    .....        g - amulet of magic regeneration
Stlth   ++           c - ring of fire
HPRegen 0.26/turn    m - ring of wizardry
MPRegen 0.53/turn

%: faith, wizardry (x1)
@: about to teleport, animating dead (expiring)
A: cold resistance 1, negative energy resistance 3, torment resistance 2, heat
vulnerability 1, in touch with death 1, no potions, faith
a: no special abilities


You were on level 4 of the Dungeon.
You visited 1 branch of the dungeon, and saw 4 of its levels.

You collected 157 gold pieces.


Innate Abilities, Weirdness & Mutations

You are immune to poison.
Your flesh is cold resistant. (rC+)
You are immune to negative energy. (rN+++)
You are immune to unholy pain and torment.
You are vulnerable to heat. (rF-)
You are in touch with the powers of death.
You do not drink.
You have a special connection with the divine. (Faith)


   Skills:
 * Level 3.8 Dodging
 - Level 1.5 Stealth
 + Level 4.5 Spellcasting
 + Level 5.0 Necromancy


You had 6 spell levels left.
You knew the following spells:

 Your Spells              Type           Power      Damage    Failure   Level
a - Necrotise             Necr           100%       1d9       1%          1
b - Vampiric Draining     Necr           31%        2d8       2%          3
c - Animate Dead          Necr           31%        N/A       8%          4

Your spell library contained the following spells:

 Spells                   Type           Power      Damage    Failure   Level
 Agony                    Necr           31%        N/A       21%         5
 Summon Hydra             Summ           1%         N/A       100%        7
 Sublimation of Blood     Necr           Unusable   N/A       N/A         2
 Wereblood                Tmut           Unusable   N/A       N/A         2

Inventory:

Hand Weapons
 l - a +0 dagger of venom
   (You took it off a goblin on level 2 of the Dungeon)
 n - the +8 trident of Uskayaw, Singing (weapon) {drain, rN+}
   (You found it on level 2 of the Dungeon)

   rN:        It protects you from negative energy.
Armour
 a - a +0 robe (worn)
 b - a +0 pair of gloves (worn)
   (You found it on level 1 of the Dungeon)
 q - a +2 helmet (worn)
   (You found it on level 4 of the Dungeon)
Jewellery
 c - a ring of fire (left hand)
   (You took it off a hobgoblin on level 1 of the Dungeon)
 g - an amulet of magic regeneration (around neck)
   (You found it on level 2 of the Dungeon)
 j - an amulet of regeneration
   (You found it on level 2 of the Dungeon)
 m - a ring of wizardry (right hand)
   (You found it on level 3 of the Dungeon)
Wands
 p - a wand of flame (15)
   (You found it on level 3 of the Dungeon)
Scrolls
 d - 2 scrolls of teleportation
 e - 3 scrolls of poison {unknown}
 f - a scroll of magic mapping {unknown}
 h - a scroll of enchant armour {unknown}
 i - 2 scrolls of amnesia {unknown}
 k - 2 scrolls of identify {unknown}
 o - 2 scrolls of immolation {unknown}

Dungeon Overview and Level Annotations

Branches:
Dungeon (4/15) Zot: 20346
 Temple: D:4-7

Altars:
Wu Jian

Annotations:
D:3 1 runed translucent door, Crazy Yiuf

..............g.######
..... ..........Z....#
..... ....#####...!.#
...........#...'.....#
#+##.>.....#...#.....#
...+.......#...###+###
...#.......#.g.#....#
...#.........#.g#...#
...#........###.@...#
...#.......##.##....#
...'........#.#.....#
...#.....#.##.##.#..##
...#....####...####..#
...#...##))......!##.#
...#....##)#...####..#
...#.....#.##.##.#Z..#
...#........#.#....#.#


You could see 2 gnolls.


Message History

You feel life coursing into your body. The gnoll closely misses you.
The endoplasm barely misses you.
The gnoll hits you with a +0 club. 😮 MP[-3]
You lost 3 mp, and now have 6/11 mp.
Casting: Vampiric Draining (dangerous; 2% risk of failure)
Confirm with . or Enter, or press ? or * to list all spells.
Aiming: Vampiric Draining (dangerous; 2% risk of failure)
Press: ? - help, Shift-Dir - straight line, f/p - gnoll
Aim: a gnoll, wielding a +0 club (severely wounded)
You feel a surge of power!
You draw life force from the gnoll!
You kill the gnoll!
You feel life coursing into your body.
The dead are walking!
The endoplasm barely misses you. The gnoll hits you but does no damage.
The gnoll hits you with a +0 whip. 😮 HP[-1] MP[-2]
You take 1 damage, and now have 18/35 hp.
You lost 2 mp, and now have 4/11 mp.
Casting: Vampiric Draining (dangerous; 2% risk of failure)
Confirm with . or Enter, or press ? or * to list all spells.
Aiming: Vampiric Draining (dangerous; 2% risk of failure)
Press: ? - help, Shift-Dir - straight line, f - endoplasm
Aim: an endoplasm You feel a surge of power!
You draw life force from the endoplasm.
You feel life coursing into your body.
The gnoll hits you from afar with a +0 spear.
* * * LOW HITPOINT WARNING * * *
The gnoll hits you but does no damage.
The endoplasm hits you but does no damage.
The dart slug bites you.
* * * LOW HITPOINT WARNING * * *
😨 HP[-4] MP[-3]
You take 4 damage, and now have 14/35 hp.
You lost 3 mp, and now have 1/11 mp.
Unknown command. 😨 HP[+1] MP[+1]
The dart slug bites your gnoll zombie.
Your gnoll zombie barely misses the gnoll. 😨 MP[+1]
Casting: Vampiric Draining (dangerous; 2% risk of failure)
Confirm with . or Enter, or press ? or * to list all spells.
Aiming: Vampiric Draining (dangerous; 2% risk of failure)
Press: ? - help, Shift-Dir - straight line, f/p - endoplasm
Aim: an endoplasm (severely wounded)
You feel a surge of power!
You draw life force from the endoplasm!
You kill the endoplasm!
You feel life coursing into your body.
The dead are walking!
The gnoll hits you but does no damage. x2; Your gnoll zombie hits the gnoll.
Your magical contamination has completely faded away.
You have reached level 6! 😨 HP[+4] MP[-3]
You now have 41 max hp (+6).
You regained 4 hp, and now have 19/41 hp.
You lost 3 mp, and now have 0/12 mp.
Unknown command.
The dart slug launches a dart at you. The slug dart misses you.
The gnoll closely misses you. 😨 HP[+1] MP[+1]
Your endoplasm zombie barely misses the gnoll.
The gnoll closely misses you. The gnoll attacks as you move away!
The gnoll hits you with a +0 whip.
* * * LOW HITPOINT WARNING * * *
😨 HP[-1] MP[+1]
You take 1 damage, and now have 19/41 hp.
The gnoll attacks as you move away! The gnoll hits you with a +0 whip.
* * * LOW HITPOINT WARNING * * *
Your endoplasm zombie barely misses the gnoll. 😨 HP[-5] MP[+1]
You take 5 damage, and now have 14/41 hp.
The gnoll attacks as you move away! The gnoll hits you with a +0 whip.
* * * LOW HITPOINT WARNING * * *
😱 HP[-5]
You take 5 damage, and now have 9/41 hp. 😱 MP[+1]
The gnoll attacks as you move away! The gnoll hits you with a +0 whip.
* * * LOW HITPOINT WARNING * * *
There is an open door here. 😱 HP[-3]
You take 3 damage, and now have 6/41 hp.
The gnoll attacks as you move away! The gnoll hits you with a +0 whip.
* * * LOW HITPOINT WARNING * * *
😱 HP[-1] MP[+1]
You take 1 damage, and now have 5/41 hp.
Okay, then. 😱 MP[+1]
As you read the scroll labelled JOREWN ROUREOS, it crumbles to dust.
You feel strangely unstable.
It was a scroll of teleportation.
Your reaping aura is weakening.
The gnoll barely misses you. 😱 MP[+1]
The gnoll attacks as you move away! The gnoll hits you with a +0 whip.
* * * LOW HITPOINT WARNING * * *
😱 HP[-1]
You take 1 damage, and now have 4/41 hp.
The gnoll attacks as you move away! The gnoll closely misses you.
Things that are here:
a +0 dagger of venom; 2 stones; a kobold corpse 😱 MP[+1]
The gnoll attacks as you move away! The gnoll hits you with a +0 whip!
You die...

Skill      XL: |  1  2  3  4  5 |
---------------+----------------+-----
Dodging        | 2 3 |  3.8
Spellcasting   | 3 4 |  4.5
Necromancy     | 5 |  5.0
Stealth        | |  1.5

Action                     |  1- 3 |  4- 6 || total
---------------------------+-------+-------++-------
  Melee: Unarmed           |     4 |       ||     4
         Trident           |       |    34 ||    34
   Cast: Necrotise         |    70 |    29 ||    99
         Vampiric Draining |     1 |     4 ||     5
         Animate Dead      |       |     3 ||     3
    Use: Scroll            |       |     1 ||     1
 Armour: Robe              |     5 |    12 ||    17
  Dodge: Dodged            |    17 |    26 ||    43

Levels and vault maps discovered:
D:1:      dpeg_arrival_short_road, layout_loops_ring, st_stairs_8
D:2:      layout_basic, dreamdust_ecumenical_altar_angels_and_demons,
          uniq_jessica
D:3:      layout_basic, mainiacjoe_overflow_paths, mainiacjoe_overflow_brackets,
          uniq_crazy_yiuf_cottage
D:4:      layout_gridville, minmay_fractal_squares_gapless_5

Notes
Turn   | Place    | Note
-------+----------+-------------------------------------------
     0 | D:1      | ytrimaz the Mummy Necromancer began the quest for the Orb.
     0 | D:1      | Reached XP level 1. HP: 13/13 MP: 4/4
     0 | D:1      | magus.rc [v1.9.6]
   284 | D:1      | Reached skill level 2 in Dodging
   284 | D:1      | Reached XP level 2. HP: 19/19 MP: 1/5
   421 | D:1      | Reached skill level 3 in Spellcasting
   572 | D:1      | You pick up a book of Blood and begin reading...
  1073 | D:2      | Noticed Jessica
  1077 | D:2      | Killed Jessica
  1078 | D:2      | Gained mutation: You are in touch with the powers of death.
                  | [Mummy growth]
  1078 | D:2      | Reached XP level 3. HP: 16/24 MP: 2/7
  1082 | D:2      | Learned a level 3 spell: Vampiric Draining
  1482 | D:2      | Found a faded altar of an unknown god.
  1663 | D:2      | Reached XP level 4. HP: 30/30 MP: 7/9
  1909 | D:2      | Identified the +8 trident of Uskayaw, Singing {drain, rN+}
  2561 | D:3      | Found a runed translucent door.
  2562 | D:3      | Noticed Crazy Yiuf
  2591 | D:3      | Found an ornate altar of the Wu Jian Council.
  2623 | D:3      | Learned a level 4 spell: Animate Dead
  2811 | D:3      | Reached skill level 3 in Dodging
  3482 | D:4      | Reached skill level 4 in Spellcasting
  3482 | D:4      | Reached XP level 5. HP: 32/35 MP: 6/11
  3590 | D:4      | Noticed a phantom
  3609 | D:4      | Killed a phantom
  3617 | D:4      | Reached skill level 5 in Necromancy
  3630 | D:4      | Reached XP level 6. HP: 19/41 MP: 0/12
  3635 | D:4      | HP: 9/41 [gnoll/+0 whip (5)]
  3638 | D:4      | HP: 4/41 [gnoll/+0 whip (2)]
  3644 | D:4      | Slain by a gnoll

Vanquished Creatures
  A phantom (D:4)
  A hound (D:4)
  Jessica (D:2)
  An orc wizard (D:4)
  2 gnolls (D:4)
  2 adders
  A worm (D:2)
  A dart slug (D:4)
  6 orcs (D:3)
  7 endoplasms
  3 goblins (D:2)
  11 hobgoblins
  3 jackals (D:1)
  2 quokkas
  4 ball pythons
  A bat (D:3)
  4 frilled lizards
  5 kobolds
  2 rats
58 creatures vanquished.

Vanquished Creatures (collateral kills)
  2 goblins
  A kobold (D:1)
  2 rats (D:1)
5 creatures vanquished.

Vanquished Creatures (others)
  A gnoll zombie (D:4)
  An endoplasm zombie (D:3)
  An orc zombie (D:3)
3 creatures vanquished.

Grand Total: 66 creatures vanquished

Table legend:
 A = Non-vault XP
 B = Vault XP
 C = Vault XP percentage of total XP
 D = Non-vault monster count
 E = Vault monster count
 F = Vault count percentage of total count
                 A         B        C        D         E       F
            +---------+---------+-------+---------+---------+-------
      Total |     302 |      79 |  20.7 |      57 |       6 |   9.5
            +---------+---------+-------+---------+---------+-------
        D:1 |      33 |       3 |   8.3 |      19 |       2 |   9.5
        D:2 |      36 |      37 |  50.7 |      13 |       1 |   7.1
        D:3 |      48 |       0 |   0.0 |      18 |       0 |   0.0
        D:4 |     185 |      39 |  17.4 |       7 |       3 |  30.0
            +---------+---------+-------+---------+---------+-------

Skill      XL: |  1  2  3  4  5 |
---------------+----------------+-----
Dodging        | 2 3 |  3.8
Spellcasting   | 3 4 |  4.5
Necromancy     | 5 |  5.0
Stealth        | |  1.5

Action                     |  1- 3 |  4- 6 || total
---------------------------+-------+-------++-------
  Melee: Unarmed           |     4 |       ||     4
         Trident           |       |    34 ||    34
   Cast: Necrotise         |    70 |    29 ||    99
         Vampiric Draining |     1 |     4 ||     5
         Animate Dead      |       |     3 ||     3
    Use: Scroll            |       |     1 ||     1
 Armour: Robe              |     5 |    12 ||    17
  Dodge: Dodged            |    17 |    26 ||    43

Illustrated notes

Table legend:
 A = Kills in this place as a percentage of kills in the entire game.
 B = Kills by you in this place as a percentage of kills by you in the entire game.
 C = Kills by friends in this place as a percentage of kills by friends in the entire game.
 D = Other kills in this place as a percentage of other kills in the entire game.
 E = Experience gained in this place as a percentage of experience gained in the entire game.
 F = Experience gained in this place divided by the number of levels of this place that you have seen.
                   A       B       C       D       E      F
               +-------+-------+-------+-------+-------+----------------------
         Total | 100.0 | 100.0 | 100.0 |   N/A | 100.0 |  95.2
       Dungeon | 100.0 | 100.0 | 100.0 |   N/A | 100.0 |  95.2
               +-------+-------+-------+-------+-------+----------------------

Table legend: (Time is in decaauts)
 A = Elapsed time spent in this place.
 B = Non-inter-level travel time spent in this place.
 C = Inter-level travel time spent in this place.
 D = Time resting spent in this place.
 E = Time spent auto-exploring this place.
 F = Levels seen in this place.
 G = Mean time per level.
                   A        B        C        D        E       F      G
               +--------+--------+--------+--------+--------+-----+--------+
         Total |   3653 |   3484 |    169 |    189 |   2753 |   4 |  913.2 |
       Dungeon |   3653 |   3484 |    169 |    189 |   2753 |   4 |  913.2 |
               +--------+--------+--------+--------+--------+-----+--------+

Top non-repeatable levels by time:
     D:3: 1175 daAuts
     D:1: 1115 daAuts
     D:2: 1099 daAuts
     D:4: 263 daAuts
